 Dungeon Crawl Stone Soup version 0.28.0 (webtiles) character file.

Game seed: 4517944830719303005

4277 sasquatch the Destroyer (level 9, -15/62 HPs)
             Began as a Demigod Conjurer on Feb 8, 2022.
             Killed by an exploding wight (17 damage)
             ... ignited by their inner flame
             ... on level 9 of the Dungeon.
             The game lasted 00:27:27 (12041 turns).

sasquatch the Destroyer (Demigod Conjurer)         Turns: 12041, Time: 00:27:28

Health: -15/62     AC:  6    Str: 12    XL:     9   Next: 85%
Magic:  21/21      EV: 12    Int: 32    God:
Gold:   137        SH:  0    Dex: 17    Spells: 9/20 levels left

rFire   . . .      SeeInvis .   z - +2 hand axe (elec)
rCold   . . .      Faith    .   (no shield)
rNeg    . . .      Spirit   .   a - +1 robe
rPois   .          Reflect  .   p - +0 helmet
rElec   .          Harm     .   (no cloak)
rCorr   .          Rampage  +   k - +0 pair of gloves
Will    .....                   x - +0 pair of boots of the Fabulous Ladybird {Rampage Str+4 Dex+5}
Stlth   ++........              C - amulet of regeneration
HPRegen 1.00/turn               (no ring)
MPRegen 0.17/turn               (no ring)

@: no status effects
A: high MP 1, forlorn, divine attributes
a: no special abilities


You were on level 9 of the Dungeon.
You visited 1 branch of the dungeon, and saw 9 of its levels.

You collected 459 gold pieces.
You spent 322 gold pieces at shops.

Inventory:

Hand Weapons
 h - a +1 short sword of flaming
 z - a +2 hand axe of electrocution (weapon)
 A - the +7 hunting sling of Wondrous Power {vorpal, Fly rPois rCorr Dex-3}
   (You found it on level 6 of the Dungeon)

   Any ammunition fired from it inflicts extra damage upon your enemies.
   Dex:       It affects your dexterity (-3).
   rPois:     It protects you from poison.
   Fly:       It grants you flight.
   rCorr:     It protects you from acid and corrosion.
Missiles
 i - 25 poisoned darts
Armour
 a - a +1 robe (worn)
 k - a +0 pair of gloves (worn)
 p - a +0 helmet (worn)
 x - the +0 pair of boots of the Fabulous Ladybird (worn) {Rampage Str+4 Dex+5}
   (You bought it in a shop on level 1 of the Dungeon)

   Str:       It affects your strength (+4).
   Dex:       It affects your dexterity (+5).
   Rampage:   It bestows one free step when moving towards enemies.
Jewellery
 C - an amulet of regeneration (around neck)
 F - a ring of fire
 J - a +4 ring of protection
Wands
 b - a wand of charming (9)
 o - a wand of flame (29)
 v - a wand of polymorph (14)
 y - a wand of iceblast (9)
Scrolls
 g - 2 scrolls of enchant armour
 j - a scroll of vulnerability
 m - 2 scrolls of teleportation
 w - 2 scrolls of fog
 H - a scroll of noise {unknown}
Potions
 c - a potion of brilliance
 d - a potion of lignification {unknown}
 e - 4 potions of heal wounds
 l - a potion of magic {unknown}
 r - a potion of flight {unknown}
 s - 3 potions of resistance
 D - a potion of berserk rage {unknown}
 E - 2 potions of ambrosia
 G - a potion of curing {unknown}
 I - a potion of attraction {unknown}


   Skills:
 - Level 1.7 Dodging
 - Level 1.7 Stealth
 - Level 6.0 Spellcasting
 + Level 10.7 Conjurations
 - Level 6.0 Transmutations
 - Level 2.0 Air Magic


You had 9 spell levels left.
You knew the following spells:

 Your Spells              Type           Power      Damage    Failure   Level
a - Magic Dart            Conj           100%       1d8       1%          1
b - Searing Ray           Conj           100%       2d8       1%          2
c - Irradiate             Conj/Tmut      29%        3d23      4%          5
d - Swiftness             Air            22%        N/A       6%          3

Your spell library contained the following spells:

 Spells                   Type           Power      Damage    Failure   Level
 Shock                    Conj/Air       100%       1d9       1%          1
 Dazzling Flash           Conj/Hex       86%        N/A       1%          3
 Animate Skeleton         Necr           18%        N/A       4%          1
 Apportation              Tloc           18%        N/A       4%          1
 Pain                     Necr           36%        1d5       4%          1
 Fulminant Prism          Conj/Hex       21%        3d13      4%          4
 Iskenderun's Mystic Bla  Conj/Tloc      43%        2d10      4%          4
 Sublimation of Blood     Necr           9%         N/A       7%          2
 Petrify                  Tmut/Erth      28%        N/A       13%         4
 Tukima's Dance           Hex            9%         N/A       14%         3
 Vampiric Draining        Necr           9%         2d6       14%         3
 Airstrike                Air            11%        N/A       21%         4
 Alistair's Intoxication  Tmut/Pois      18%        N/A       36%         5
 Anguish                  Hex/Necr       4%         N/A       41%         4
 Enfeeble                 Hex            4%         N/A       100%        7


Dungeon Overview and Level Annotations

Branches:
Dungeon (9/15)             Temple (0/1) D:5
   Lair: D:8-11         Orc: D:9-12

Shops:
D:1 [[?[(

Annotations:
D:5 2 transporters, FexLirch's ghost, novice HOFi


Innate Abilities, Weirdness & Mutations

You have an increased reservoir of magic. (+10% MP)
You shall have no god before yourself.
Your divine heritage dramatically boosts your attributes as you level up.


Message History

As you read the scroll labelled MUFIAM POB, it crumbles to dust.
The creatures around you are filled with an inner flame!
It was a scroll of immolation.
As you read the scroll labelled CIAXZI IPPIOT, it crumbles to dust.
Your body is wracked with pain!
Your acid dragon convulses!
Flame seeps out of your acid dragon.
Your hornet convulses!
Flame seeps out of your hornet.
It was a scroll of torment.
Your hornet is engulfed in blazing flames.
Flame seeps out of your hornet.
Your acid dragon is engulfed in blazing flames.
Flame seeps out of your acid dragon.
Your hornet is engulfed in blazing flames.
Flame seeps out of your hornet.
Really walk into that cloud of flame?
Okay, then.
Unknown command.
You swap places.
Your hornet is engulfed in blazing flames.
Flame seeps out of your hornet.
Your acid dragon is engulfed in blazing flames.
Your acid dragon's corpse dissolves into shadows!
Your acid dragon explodes!
The fiery explosion engulfs your hornet!!
Your hornet's corpse dissolves into shadows!
The fiery explosion engulfs you!!
Ouch! That really hurt!
* * * LOW HITPOINT WARNING * * *
The fiery explosion engulfs your wight!!
Your wight dissolves into shadows!
The fiery explosion engulfs your wight! Flame seeps out of your wight.
Your wight is severely damaged.
The fiery explosion engulfs your wight!!
Your wight dissolves into shadows!
Your wight explodes!
The fiery explosion engulfs your wight!!
Your wight dissolves into shadows!
The fiery explosion engulfs you!
You die...

......##..#...........
.................##...
......................
......................
.........#####........
.......††# #........
.......<# #○.§.....
##......# #§○z.....
#......+ +@§####..
#......# #§§# .
#......# #....
######## #......
#........ #.......(
......... .........


You could see a friendly wight (summoned, inner flame).

Vanquished Creatures
  A two-headed ogre (D:8)
  A troll (D:6)
  A slime creature (D:8)
  4 yaks (D:9)
  An ice beast (D:5)
  2 sky beasts
  A black bear (D:5)
  2 ogres (D:6)
  4 centaurs
  4 kobold brigands
  A bullfrog (D:7)
  2 scorpions
  A wyvern skeleton (D:7)
  3 wights (D:8)
  4 electric eels (D:7)
  2 howler monkeys
  A centaur zombie (D:6)
  A crimson imp (D:3)
  A hound (D:5)
  4 orc priests
  4 iguanas
  2 centaur skeletons
  Natasha (thrice) (D:3)
  7 orc wizards
  A scorpion zombie (D:5)
  A killer bee zombie (D:7)
  3 hound skeletons
  A hound zombie (D:5)
  Robin (D:3)
  8 adders
  2 gnolls (D:1)
  2 shadow imps
  2 white imps
  3 worms
  3 dart slugs
  19 orcs
  10 ball pythons
  12 endoplasms
  5 giant cockroaches
  17 goblins
  9 hobgoblins
  25 kobolds
  5 quokkas
  2 bats (D:3)
  A frilled lizard (D:2)
  7 rats
196 creatures vanquished.

Vanquished Creatures (others)
  30 plants (D:7)
30 creatures vanquished.

Grand Total: 226 creatures vanquished

Notes
Turn   | Place    | Note
-------+----------+-------------------------------------------
     0 | D:1      | sasquatch the Demigod Conjurer began the quest for the Orb.
     0 | D:1      | Reached XP level 1. HP: 14/14 MP: 5/5
   338 | D:1      | Reached skill level 4 in Conjurations
   338 | D:1      | Reached XP level 2. HP: 12/20 MP: 2/7
   660 | D:1      | Found Umesyil's Armour Boutique.
   754 | D:1      | Learned a level 2 spell: Searing Ray
   794 | D:1      | Found Liesseuf's Magic Scroll Boutique.
   818 | D:1      | Found Fygazan's Antique Armour Boutique.
   827 | D:1      | Found Suakhle's Weapon Emporium.
   969 | D:1      | Reached XP level 3. HP: 26/26 MP: 3/8
  1121 | D:1      | Found Qeank's Armour Shoppe.
  1681 | D:2      | Reached skill level 5 in Conjurations
  1681 | D:2      | Reached XP level 4. HP: 31/33 MP: 0/9
  2594 | D:1      | Bought a scroll of teleportation for 33 gold pieces
  2594 | D:1      | Bought a scroll of teleportation for 33 gold pieces
  2840 | D:3      | Noticed Natasha
  2843 | D:3      | Killed Natasha
  2844 | D:3      | Reached skill level 6 in Conjurations
  2844 | D:3      | Reached XP level 5. HP: 38/38 MP: 4/10
  2866 | D:3      | Noticed Natasha
  2871 | D:3      | Killed Natasha
  3009 | D:3      | Noticed Robin
  3018 | D:3      | Killed Robin
  3122 | D:3      | Noticed Natasha
  3125 | D:3      | Killed Natasha
  3675 | D:3      | Reached XP level 6. HP: 45/45 MP: 6/11
  3790 | D:4      | Reached skill level 7 in Conjurations
  4713 | D:5      | Entered Level 5 of the Dungeon
  4799 | D:5      | Found a transporter.
  4799 | D:5      | Noticed FexLirch's ghost (novice HOFi)
  4800 | D:5      | Found a transporter.
  4801 | D:5      | Noticed a troll
  4930 | D:5      | Found a staircase to the Ecumenical Temple.
  4951 | D:5      | Reached skill level 8 in Conjurations
  4951 | D:5      | Reached XP level 7. HP: 18/50 MP: 1/13
  5328 | D:5      | You fall into a shaft and drop 2 floors!
  5904 | D:7      | Reached skill level 9 in Conjurations
  6329 | D:6      | Reached XP level 8. HP: 28/57 MP: 2/14
  6768 | D:6      | Noticed a troll
  6973 | D:6      | Identified the +7 hunting sling of Wondrous Power {vorpal,
                  | Fly rPois rCorr Dex-3}
  7030 | D:6      | Reached skill level 10 in Conjurations
  7036 | D:6      | Learned a level 5 spell: Irradiate
  7329 | D:6      | Reached skill level 1 in Transmutations
  8312 | D:5      | Identified the +9 short sword "Olosi" {spect, rN+ Int+2
                  | Dex+3}
  8571 | D:6      | Killed a troll
  8789 | D:6      | Reached skill level 5 in Transmutations
  9189 | D:6      | Learned a level 3 spell: Swiftness
  9633 | D:7      | Reached XP level 9. HP: 47/62 MP: 12/17
 10394 | D:1      | Bought a pair of shimmering boots for 256 gold pieces
 10394 | D:1      | Identified the +0 pair of boots of the Fabulous Ladybird
                  | {Rampage Str+4 Dex+5} (You bought it in a shop on level 1
                  | of the Dungeon)
 11664 | D:8      | Noticed a two-headed ogre
 11667 | D:8      | Killed a two-headed ogre
 11668 | D:8      | Reached skill level 1 in Air Magic
 12041 | D:9      | HP: 2/62 [spore (32)]
 12041 | D:9      | Killed by an exploding wight... ignited by their inner
                  | flame

Illustrated notes

Levels and vault maps discovered:
D:1:      lemuel_arrival_tunnels, layout_rooms,
          shapermc_ecumenical_altar_notcrosses, serial_shops, shop_statue, shop,
          nicolae_shop_hallway_plus, shop, shop, minmay_misc_feat_alley,
          corexii_item_surrounded_by_moat, roderic_lattice_a,
          minmay_pentomino_x4
D:2:      layout_loops_ring, minmay_divided_ellipse
D:3:      layout_rooms, amethyst_overflow_temple_binary,
          grunt_temple_overflow_champion_of_chaos, minmay_misc_feat_roman,
          kennysheep_generic_room_4, uniq_robin, uniq_natasha
D:4:      layout_rooms, lemuel_doored_altar, lemuel_coloured_pillars_altar,
          serial_curves, eino_curves_04, eino_curves_04, minmay_diced_spiral
D:5:      layout_basic, minmay_temple_entry_butterflies, gammafunk_ghost_arena
D:6:      layout_gridville, corexii_corridor_pit, grunt_ministairs_7,
          kennysheep_nondescript, minmay_hedge_maze
D:7:      layout_layer_cave, grunt_gozag_statues, serial_bayou,
          serial_bayou_pond_d, serial_bayou_pond_d, serial_bayou_shore_a,
          serial_bayou_ford_a, kb_lookout_dungeons_type, grunt_decor_fettered
D:8:      minmay_cornered_nines, layout_rooms
D:9:      layout_stronghold, enter_bailey_7

Skill      XL: |  1  2  3  4  5  6  7  8  9 |
---------------+----------------------------+-----
Spellcasting   | 2 3 6 |  6.0
Conjurations   | 4 5 6 8 9 10 | 10.7
Transmutations | 5 6 |  6.0
Air Magic      | 2 |  2.0
Dodging        | |  1.7
Stealth        | |  1.7

Action                   |  1- 3 |  4- 6 |  7- 9 || total
-------------------------+-------+-------+-------++-------
Melee: Short sword       |     4 |     4 |    23 ||    31
 Cast: Magic Dart        |    69 |    94 |   126 ||   289
       Searing Ray       |     2 |    21 |    62 ||    85
       Irradiate         |       |       |     7 ||     7
  Use: Potion            |       |       |     2 ||     2
       Scroll            |       |       |    14 ||    14
Armor: Robe              |     3 |     1 |    19 ||    23
Dodge: Dodged            |     8 |    18 |    86 ||   112
